Map: Solaris LE

Players

GoOdy - Winner!

  • Race: Terran Terran
  • League: Master
  • Spawn Location: 7:00

UpATree

  • Race: Terran Terran
  • League: Master
  • Spawn Location: 1:00

VOD

Have the link to the VOD?

Description

Time

  • Played on: Jan. 31, 2024, 12:40 p.m.
  • Length: 22:09
Show
View Real Time Build Order
Export as new Build Order

GoOdy Terran - Winner!

Build Orders: 1/1/1, Mech, Banshee Rush 

Get SALT Encoding   

  12  0:00  SCV  
  13  0:12  SCV  
  14  0:17  Supply Depot  
  14  0:24  SCV  
  15  0:30  Refinery  
  15  0:41  Barracks  
  15  0:44  SCV  
  16  0:56  SCV  
  17  1:08  SCV  
  18  1:11  Supply Depot  
  18  1:20  SCV  
  18  1:22  Refinery  
  19  1:28  Marine  
  19  1:32  Factory  
  20  1:35  SCV  
  21  1:46  Marine  
  22  1:48  Orbital Command  
  22  2:04  Marine  
  23  2:13  SCV  
  26  2:16  Hellion  
  26  2:17  Starport  
  26  2:21  Marine  
  27  2:25  SCV  
  27  2:29  Supply Depot  
  28  2:37  Factory Tech Lab, SCV  
  28  2:39  Marine  
  30  2:49  SCV  
  31  2:59  Banshee  
  31  3:00  Cloaking Field  
  31  3:02  Cyclone  
  31  3:04  SCV  
  37  3:09  Supply Depot  
  37  3:12  Barracks Reactor  
  37  3:16  SCV  
  38  3:28  SCV  
  38  3:34  Factory Tech Lab  
  39  3:40  SCV  
  40  3:42  Banshee  
  43  3:50  Command Center  
  43  3:57  Siege Tank  
  46  4:03  Supply Depot  
  46  4:04  SCV  
  47  4:24  SCV, Marine x2  
  47  4:25  Viking  
  52  4:36  SCV  
  53  4:51  SCV  
  54  5:02  Siege Tank  
  54  5:16  Command Center  
  54  5:17  SCV  
  55  5:27  Banshee  
  55  5:29  SCV  
  55  5:31  Orbital Command  
  55  5:34  Marine x2  
  58  5:39  Siege Tank  
  58  5:41  SCV  
  62  5:45  Refinery  
  62  5:46  Refinery  
  62  5:53  SCV  
  63  5:58  SCV  
  63  6:02  Supply Depot  
  64  6:05  SCV  
  64  6:06  Barracks Reactor, Supply Depot  
  64  6:07  Supply Depot  
  64  6:10  SCV  
  66  6:13  Siege Tank  
  66  6:17  SCV  
  70  6:23  Viking x2  
  70  6:24  Factory, SCV  
  75  6:31  Orbital Command  
  75  6:33  Factory  
  75  6:36  SCV x2  
  77  6:40  Engineering Bay  
  77  6:48  Siege Tank, SCV x2  
  77  6:51  Supply Depot  
  82  7:00  SCV  
  82  7:01  SCV  
  84  7:04  Viking x2  
  88  7:15  Factory  
  90  7:16  Hellion  
  90  7:20  Missile Turret, Hellion  
  90  7:21  SCV x2  
  90  7:22  Orbital Command  
  94  7:24  Widow Mine x2  
  97  7:33  SCV x2  
  97  7:34  Viking x2  
  103  7:45  SCV x2  
  103  7:48  Sensor Tower  
  105  7:54  Missile Turret  
  69  8:20  Siege Tank, Hellion x2  
  69  8:21  Hellion x2  
  78  8:33  Missile Turret, SCV  
  78  8:34  SCV x2  
  79  8:35  Missile Turret  
  76  8:46  SCV x3  
  79  8:50  Viking x2  
  83  8:57  Hellion  
  83  8:58  Infernal Pre-Igniter, SCV x2  
  87  9:04  Armory, Siege Tank x2  
  87  9:05  Factory Tech Lab  
  87  9:09  Armory  
  93  9:12  Command Center  
  93  9:13  Missile Turret  
  93  9:14  Missile Turret  
  93  9:15  Missile Turret  
  93  9:18  Refinery  
  93  9:19  Refinery, SCV x3  
  93  9:23  Hellion x2  
  100  9:31  Viking x2, SCV x3  
  107  9:38  Hi-Sec Auto Tracking  
  110  9:44  Hellion x2  
  111  9:53  Thor  
  111  9:59  Supply Depot, Command Center  
  117  10:01  Supply Depot  
  117  10:02  Supply Depot  
  117  10:11  Missile Turret  
  117  10:15  Viking x2  
  117  10:19  Starport  
  117  10:20  Hellion  
  117  10:21  Starport, Hellion x3  
  123  10:41  Sensor Tower  
  121  10:44  Missile Turret, Siege Tank x2  
  121  10:45  Viking, Hellion x2  
  121  10:46  Missile Turret, Viking  
  121  10:47  Missile Turret  
  135  10:56  Armory  
  135  11:06  Viking x2  
  135  11:07  Refinery  
  141  11:11  Hellion x2  
  141  11:15  Viking  
  141  11:16  Viking, Refinery  
  141  11:18  Planetary Fortress  
  147  11:24  Missile Turret  
  147  11:36  Orbital Command  
  147  11:39  Viking x2  
  151  11:41  Terran Ship Weapons Level 1  
  151  11:42  Terran Vehicle Weapons Level 1  
  151  11:45  Viking  
  151  11:46  Viking, Terran Vehicle And Ship Armor Level 1  
  155  11:51  SCV x3  
  158  12:01  Thor  
  158  12:03  SCV  
  165  12:16  Command Center  
  165  12:28  Viking x3  
  171  12:30  Supply Depot  
  171  12:33  Viking  
  173  12:39  Starport  
  173  12:40  Starport  
  173  12:58  Viking x3  
  177  13:03  Viking  
  139  13:24  Viking x2  
  121  13:28  Viking x3  
  121  13:33  Viking  
  115  13:54  Viking x2  
  105  13:58  Viking  
  105  13:59  Viking x2  
  111  14:03  Viking  
  111  14:07  SCV  
  111  14:09  Siege Tank x3  
  123  14:18  Hellion x2  
  127  14:27  Viking  
  127  14:28  Viking  
  127  14:30  Missile Turret  
  131  14:32  Orbital Command  
  131  14:36  Viking  
  131  14:38  Viking  
  135  14:41  Viking, Thor  
  143  14:47  Thor  
  149  14:53  Terran Ship Weapons Level 2  
  149  14:54  Terran Vehicle Weapons Level 2  
  149  14:57  Terran Vehicle And Ship Armor Level 2  
  149  15:05  Viking x2  
  149  15:06  Viking  
  151  15:15  Viking x3  
  157  15:31  Sensor Tower  
  157  15:35  Missile Turret, Viking  
  159  15:36  Missile Turret x2, Orbital Command  
  158  15:47  Viking x3  
  159  16:05  Viking x3  
  165  16:15  Unknown  
  165  16:17  Viking x3  
  171  16:27  Siege Tank  
  171  16:28  Siege Tank x2, Hellion  
  171  16:30  Hellion  
  184  16:33  Command Center  
  184  16:34  Viking  
  184  16:35  Missile Turret, Viking x2  
  190  16:50  Hellion  
  192  17:00  Siege Tank x2  
  132  17:19  Viking x5  
  132  17:20  Siege Tank  
  132  17:21  Hellion x2  
  145  17:31  Thor  
  145  17:36  Terran Vehicle Weapons Level 3  
  151  17:37  Terran Ship Weapons Level 3  
  151  17:44  Hellion x3  
  157  17:48  Terran Vehicle And Ship Armor Level 3  
  157  17:50  Missile Turret  
  157  17:52  Hellion  
  157  17:58  Viking x2  
  161  17:59  Viking  
  163  18:09  Planetary Fortress  
  163  18:15  Viking  
  163  18:17  Missile Turret, Starport Tech Lab  
  163  18:18  Refinery  
  163  18:19  Refinery  
  158  18:48  Thor  
  158  18:49  Thor  
  158  18:50  Hellion x3  
  158  18:51  Viking x6  
  188  19:02  Missile Turret  
  188  19:14  Missile Turret x2, Thor  
  194  19:21  Viking  
  194  19:31  Thor  
  152  20:08  Viking x6  
  154  20:22  Siege Tank x2  
  154  20:23  Hellion x2  
  161  20:34  Siege Tank  
  164  20:38  Viking x6  
  176  20:45  Command Center  
  176  21:08  Viking x6, Hellion x2  
  176  21:10  Hellion  
  185  21:37  Hellion x2  
  185  21:38  Viking x6  
Show
View Real Time Build Order
Export as new Build Order

UpATree Terran 

Build Orders: Reaper Expand 

Get SALT Encoding   

  12  0:00  SCV  
  13  0:12  SCV  
  14  0:17  Supply Depot  
  14  0:25  SCV  
  15  0:38  SCV  
  15  0:40  Barracks  
  16  0:46  Refinery  
  16  0:50  SCV  
  17  1:03  SCV  
  18  1:15  SCV  
  19  1:29  Orbital Command  
  19  1:30  Reaper  
  20  1:42  Command Center  
  20  1:55  SCV  
  20  1:56  Supply Depot  
  21  2:02  Marine  
  21  2:08  SCV  
  23  2:14  Factory  
  23  2:20  SCV  
  23  2:22  Refinery  
  24  2:26  Barracks Reactor  
  24  2:34  SCV  
  25  2:37  Bunker  
  25  2:46  SCV  
  26  2:57  Orbital Command  
  26  3:00  Starport  
  26  3:03  Marine x2  
  26  3:05  Cyclone  
  30  3:07  SCV  
  31  3:15  Supply Depot  
  31  3:19  SCV  
  32  3:24  Marine x2  
  34  3:28  SCV  
  35  3:35  SCV  
  35  3:37  Cyclone  
  35  3:39  Medivac  
  35  3:40  SCV  
  41  3:44  Marine x2  
  42  3:51  SCV  
  42  3:52  SCV  
  44  3:59  Supply Depot  
  44  4:00  Refinery  
  44  4:04  SCV  
  44  4:05  Marine x2  
  44  4:06  SCV  
  48  4:12  Factory Tech Lab, Starport Tech Lab  
  48  4:16  SCV  
  49  4:22  Supply Depot  
  47  4:33  Raven  
  48  4:39  Siege Tank  
  48  4:46  Marine x2  
  48  4:52  SCV  
  51  4:57  SCV  
  50  5:02  Command Center  
  50  5:04  SCV  
  48  5:09  SCV  
  48  5:10  Marine  
  50  5:22  SCV x2  
  50  5:34  SCV  
  51  5:40  SCV  
  52  5:44  Barracks Reactor, Refinery  
  52  5:46  SCV  
  52  5:49  Viking  
  55  5:52  SCV  
  56  5:59  SCV  
  60  6:05  SCV  
  60  6:06  Starport  
  58  6:19  SCV  
  58  6:25  Orbital Command  
  59  6:26  SCV  
  59  6:30  Viking x2  
  59  6:31  SCV  
  64  6:38  SCV  
  65  6:43  SCV  
  65  6:45  Viking x2  
  70  6:50  SCV  
  70  6:53  Siege Tank  
  74  6:54  SCV  
  74  6:55  SCV  
  76  7:01  Supply Depot  
  76  7:02  SCV  
  76  7:05  Supply Depot  
  76  7:06  Supply Depot  
  77  7:15  Viking x3  
  83  7:18  Viking  
  85  7:31  Siege Tank  
  85  7:35  Supply Depot x2  
  88  7:40  Orbital Command  
  88  7:41  Factory  
  88  7:45  Viking  
  90  8:05  Liberator x2  
  67  8:22  Viking x2  
  71  8:36  SCV x2  
  70  8:46  SCV  
  70  8:48  SCV  
  72  8:49  Factory Tech Lab  
  72  8:50  Siege Tank  
  72  8:53  Viking x3  
  81  8:57  SCV  
  81  8:58  SCV  
  81  9:00  SCV  
  84  9:09  SCV  
  85  9:10  Refinery x2  
  85  9:11  SCV  
  85  9:12  SCV  
  87  9:17  Command Center  
  87  9:21  SCV  
  87  9:23  SCV  
  88  9:24  SCV  
  89  9:32  Siege Tank  
  89  9:33  Siege Tank, SCV  
  89  9:35  Barracks Reactor, SCV  
  89  9:36  SCV  
  89  9:37  Viking  
  100  9:39  Factory  
  100  9:44  Viking  
  102  9:45  SCV  
  102  9:47  SCV  
  102  9:48  SCV  
  105  9:57  Engineering Bay, Armory  
  105  9:58  SCV  
  105  9:59  SCV  
  107  10:01  SCV  
  107  10:04  Supply Depot  
  107  10:05  Supply Depot  
  108  10:07  Supply Depot x2  
  108  10:10  SCV  
  108  10:11  SCV  
  108  10:13  SCV  
  111  10:21  Viking x2  
  111  10:22  Siege Tank x2, SCV  
  111  10:23  SCV  
  111  10:25  SCV  
  124  10:32  Factory  
  124  10:34  SCV  
  124  10:35  Barracks Reactor, SCV  
  126  10:36  Viking  
  126  10:37  Hellion x2, SCV  
  133  10:43  Orbital Command  
  133  10:44  Refinery x2  
  133  10:46  SCV  
  133  10:47  SCV  
  133  10:49  Sensor Tower  
  135  10:50  Missile Turret  
  135  10:52  Viking  
  135  10:53  Viking  
  135  10:55  SCV  
  140  10:58  SCV  
  140  10:59  SCV  
  142  11:07  Smart Servos, SCV  
  142  11:09  Infernal Pre-Igniter  
  143  11:11  Terran Vehicle And Ship Armor Level 1  
  143  11:14  SCV  
  144  11:20  Command Center  
  144  11:22  Siege Tank x2, Command Center  
  144  11:24  Hellion x2  
  152  11:33  SCV  
  152  11:38  Sensor Tower  
  153  11:45  Viking x2  
  153  11:46  Siege Tank  
  160  11:47  Viking  
  162  11:54  Siege Tank  
  162  11:56  Viking  
  162  11:57  Missile Turret  
  162  11:58  Missile Turret  
  162  12:00  Siege Tank, Armory  
  162  12:01  Hellion  
  172  12:11  Supply Depot x2  
  172  12:12  Supply Depot  
  172  12:16  Hellion  
  172  12:17  Viking  
  172  12:22  Supply Depot  
  172  12:25  Viking  
  172  12:31  Viking x2, Siege Tank x2  
  182  12:42  Command Center, Orbital Command  
  182  12:46  Siege Tank  
  182  12:47  Cyclone  
  182  12:48  Cyclone  
  182  12:50  Hurricane Engines  
  167  13:24  Siege Tank x3  
  161  13:29  Liberator x3  
  156  13:38  Liberator  
  159  13:44  Hellion  
  152  14:00  Cyclone, Siege Tank x2  
  160  14:03  Factory  
  160  14:04  Factory  
  160  14:06  Factory  
  160  14:07  Starport  
  160  14:09  Starport  
  160  14:12  Viking  
  160  14:15  Viking x2  
  160  14:16  Siege Tank  
  169  14:19  Orbital Command  
  169  14:24  Command Center  
  169  14:26  Terran Ship Weapons Level 1  
  169  14:29  Terran Vehicle Weapons Level 1  
  169  14:33  Fusion Core  
  169  14:43  Cyclone, Siege Tank  
  169  14:44  Unknown, Starport Reactor  
  174  14:48  Planetary Fortress  
  174  14:50  Command Center  
  174  15:04  Missile Turret  
  174  15:06  Sensor Tower  
  173  15:10  Factory Tech Lab, Factory Reactor  
  173  15:11  Factory Tech Lab, Starport Tech Lab  
  173  15:12  Command Center  
  173  15:25  Viking x2  
  173  15:26  Viking  
  173  15:27  Thor x2  
  191  15:32  Armory  
  184  15:50  Siege Tank  
  184  15:51  Siege Tank  
  184  15:55  Viking x2  
  180  16:02  Viking x4  
  190  16:05  Raven  
  190  16:09  Command Center  
  184  16:39  Hi-Sec Auto Tracking  
  184  16:41  Terran Ship Weapons Level 2, Terran Vehicle And Ship Armor Level 2  
  184  16:49  Sensor Tower, Viking x2  
  184  16:50  Viking, Raven  
  192  16:57  Missile Turret, Planetary Fortress  
  192  17:03  Missile Turret x2  
  192  17:06  Missile Turret  
  134  17:19  Thor  
  134  17:20  Thor, Siege Tank  
  134  17:21  Cyclone  
  151  17:24  Raven  
  151  17:26  Missile Turret  
  151  17:27  Planetary Fortress  
  151  17:28  Refinery  
  151  17:29  Missile Turret  
  153  17:31  Refinery  
  153  17:40  Orbital Command  
  153  17:43  Viking x4  
  160  17:46  Viking  
  160  17:47  Hellion x3  
  160  17:50  Missile Turret  
  167  17:54  Missile Turret  
  167  17:55  Viking  
  167  17:58  Viking  
  169  18:13  Viking  
  169  18:16  Advanced Ballistics  
  171  18:20  Terran Vehicle Weapons Level 2  
  171  18:23  Viking x2  
  171  18:24  Siege Tank  
  178  18:33  Viking  
  178  18:34  Viking  
  182  18:35  Siege Tank  
  181  18:43  Viking  
  181  18:44  Viking  
  181  18:47  Siege Tank  
  188  18:50  Viking  
  188  18:53  Viking  
  188  18:54  Command Center  
  190  18:56  Command Center  
  190  19:01  Terran Vehicle And Ship Armor Level 3  
  190  19:21  Viking  
  190  19:22  Viking x2  
  190  19:23  Refinery  
  196  19:25  Refinery  
  196  19:30  Terran Ship Weapons Level 3  
  196  19:36  Sensor Tower  
  196  19:37  Missile Turret  
  161  20:03  Viking x7  
  155  20:10  Siege Tank  
  136  20:18  Siege Tank x2  
  140  20:30  Cyclone x3  
  140  20:33  Viking, Orbital Command  
  148  20:48  Siege Tank  
  151  20:50  Raven  
  151  20:53  Missile Turret  
  151  20:55  Missile Turret, Sensor Tower  
  151  20:56  Planetary Fortress  
  153  20:57  Missile Turret  
  153  21:11  Siege Tank x2  
  153  21:16  Orbital Command  
  153  21:17  Viking  
  153  21:18  Viking  
  163  21:29  Missile Turret  
Tags
 
Composition
Mech
Matchup
TvT
Race
Terran
Spawn Locations
Cross Positions
Strategy
Banshee Rush
Add a new tag
Caveats
  • Supply blocks, unpowered buildings, or Contaminate may cause inaccurate times.
  • Supply counts are checked every 10 seconds.